 Dungeon Crawl Stone Soup version 0.30-a0-1163-gf69bf04e7a (webtiles) character file.

Game seed: 12483742697035528945

1205 Jeffwins the Digger (level 8, -1/52 HPs)
             Began as a Human Wanderer on Apr 28, 2023.
             Was an Initiate of Vehumet.
             Slain by a gnoll sergeant
             ... wielding a +0 spear
              (3 damage)
             ... on level 6 of the Dungeon.
             The game lasted 00:10:16 (5448 turns).

Jeffwins the Digger (Human Wanderer)                Turns: 5448, Time: 00:10:17

Health: -1/52      AC:  6    Str: 13    XL:     8   Next: 73%
Magic:  2/24       EV: 11    Int: 16    God:    Vehumet [......]
Gold:   292        SH:  0    Dex: 11    Spells: 7/17 levels left

rFire   . . .        u - +2 hand axe (freeze)
rCold   . . .        (no shield)
rNeg    . . .        e - +0 robe
rPois   +            n - +0 helmet
rElec   .            d - scarf {repulsion}
rCorr   .            h - +2 pair of gloves
SInv    .            (no boots)
Will    .....        (no amulet)
Stlth   ++           W - ring of magical power
HPRegen 0.28/turn    P - ring of poison resistance
MPRegen 0.19/turn

%: repel missiles
@: very slightly contaminated
A: no striking features
a: Renounce Religion


You were on level 6 of the Dungeon.
You worshipped Vehumet.
Vehumet was noncommittal.
You visited 2 branches of the dungeon, and saw 7 of its levels.

You collected 292 gold pieces.


   Skills:
 * Level 2.6 Short Blades
 - Level 1.0 Armour
 + Level 3.3 Stealth
 * Level 5.0 Spellcasting
 * Level 3.1 Conjurations
 * Level 3.5 Hexes
 * Level 2.4 Ice Magic
 * Level 1.2 Air Magic
 * Level 5.3 Earth Magic
 * Level 1.2 Poison Magic
 + Level 2.0 Evocations


You had 7 spell levels left.
You knew the following spells:

 Your Spells              Type           Power      Damage    Failure   Level
a - Passwall              Tmut/Erth      10%        N/A       8%          2
c - Ensorcelled Hibernat  Hex/Ice        26%        N/A       7%          2
p - Poisonous Vapours     Pois/Air       14%        N/A       14%         2
x - Stone Arrow           Conj/Erth      34%        3d9       8%          3
z - Sandblast             Erth           42%        2d11      1%          1

Your spell library contained the following spells:

 Spells                   Type           Power      Damage    Failure   Level
 Slow                     Hex            60%        N/A       3%          1
 Kiss of Death            Conj/Necr      36%        2d8       9%          1
 Confusing Touch          Hex            15%        N/A       11%         3
 Tukima's Dance           Hex            15%        N/A       11%         3
 Sting                    Tmut/Pois      20%        1d4       12%         1
 Dazzling Flash           Conj/Hex       28%        N/A       12%         3
 Apportation              Tloc           8%         N/A       16%         1
 Necrotise                Necr           16%        1d4       16%         1
 Summon Small Mammal      Summ           16%        N/A       16%         1
 Ozocubu's Armour         Ice            11%        N/A       17%         3
 Inner Flame              Hex/Fire       9%         N/A       22%         3
 Portal Projectile        Hex/Tloc       18%        N/A       22%         3
 Swiftness                Air            7%         N/A       28%         3
 Vampiric Draining        Necr           4%         2d6       41%         3
 Volatile Blastmotes      Fire/Tloc      8%         2d10      41%         3
 Iskenderun's Mystic Bla  Conj/Tloc      9%         2d4       63%         4
 Olgreb's Toxic Radiance  Pois           7%         N/A       67%         4
 Metabolic Englaciation   Hex/Ice        6%         N/A       77%         5
 Dispel Undead            Necr           4%         3d7       83%         4
 Passage of Golubria      Tloc           4%         N/A       83%         4
 Yara's Violent Unravell  Hex/Tmut       4%         3d4       90%         5
 Simulacrum               Ice/Necr       3%         N/A       100%        6
 Starburst                Conj/Fire      4%         6d4       100%        6

Inventory:

Hand Weapons
 a - a +1 short sword of draining
 u - a +2 hand axe of freezing (weapon)
Missiles
 t - 4 poisoned darts (quivered)
Armour
 d - a scarf of repulsion (worn)
 e - a +0 robe (worn)
 h - a +2 pair of gloves (worn)
 n - a +0 helmet (worn)
Jewellery
 N - a ring of positive energy
 P - a ring of poison resistance (right hand)
 S - a +6 ring of strength
 W - a ring of magical power (left hand)
Wands
 q - a wand of mindburst (14)
 s - a wand of roots (16)
Scrolls
 b - a scroll of vulnerability {!r}
 c - 2 scrolls of teleportation {unknown}
 f - 2 scrolls of blinking {unknown}
 g - 2 scrolls of enchant armour {unknown}
 i - 7 scrolls of identify {unknown}
 j - a scroll of silence {unknown}
 k - 2 scrolls of amnesia {unknown}
 m - a scroll of magic mapping {unknown}
 p - a scroll of fear {unknown}
Potions
 l - 3 potions of heal wounds {unknown}
 o - a potion of brilliance {unknown}
 r - a potion of magic {unknown}
 v - 2 potions of attraction {unknown}
 w - a potion of curing {unknown}
 x - a potion of flight {unknown}
 z - a potion of might

Dungeon Overview and Level Annotations

Branches:
Dungeon (6/15)             Temple (1/1) D:5

Altars:
Ashenzari
Dithmenos
Elyvilon
Kikubaaqudgha
Makhleb
Ru
Trog
Uskayaw
Vehumet
Wu Jian

Annotations:
D:3 1 runed translucent door

###...# .....#
.....# .....
#...#
######...####+
#.....gg......
#.....<.......
#...##@.###..#
+. ####


You could see a gnoll sergeant (rooted) and a gnoll (rooted).


Message History

The gnoll hits you from afar with a +0 halberd.
* * * LOW HITPOINT WARNING * * *
Aiming: Fastroot
Press: ? - help, Shift-Dir - straight line, f/p - gnoll sergeant
Aim: a gnoll sergeant, wielding a +0 spear, wearing a +0 scale mail and wearing a +0 buckler (almost dead)
The roots erupt in riotous growth!
Roots grab the gnoll sergeant.
Roots grab the gnoll.
The grasping roots constrict the gnoll sergeant, but do no damage.
The grasping roots constrict the gnoll.
Something shouts, "Get thee hence, thou pribbling base-court scavenger!"
The gnoll sergeant misses you. The gnoll hits you but does no damage.
Unknown command.
The grasping roots constrict the gnoll sergeant.
The grasping roots constrict the gnoll.
The roots release their grip on the gnoll sergeant.
The roots release their grip on the gnoll.
Unknown command.
Okay, then.
Okay, then.
Okay, then.
Okay, then.
Aiming: Fastroot
Press: ? - help, Shift-Dir - straight line, f/p - gnoll sergeant
Aim: a gnoll sergeant, wielding a +0 spear, wearing a +0 scale mail and wearing a +0 buckler (almost dead)
The roots erupt in riotous growth!
Roots grab the gnoll sergeant.
Roots grab the gnoll.
The grasping roots constrict the gnoll sergeant.
The grasping roots constrict the gnoll.
The gnoll sergeant hits you from afar with a +0 spear.
You die...

Skill      XL: |  1  2  3  4  5  6  7  8 |
---------------+-------------------------+-----
Stealth        | 1 2 3 |  3.3
Earth Magic    | 4 5 |  5.3
Spellcasting   | 4 5 |  5.0
Conjurations   | 1 2 3 |  3.1
Short Blades   | 1 2 |  2.6
Ice Magic      | 1 2 |  2.4
Hexes          | 3 |  3.5
Poison Magic   | 1 |  1.2
Evocations     | 2 |  2.0
Air Magic      | 1 |  1.2
Armour         | |  1.0

Action                     |  1- 3 |  4- 6 |  7- 9 || total
---------------------------+-------+-------+-------++-------
  Melee: Dagger            |     8 |     5 |       ||    13
         Short sword       |       |    85 |    24 ||   109
         Punch             |       |     1 |     1 ||     2
         Hand axe          |       |       |     4 ||     4
   Cast: Sandblast         |    19 |    66 |    11 ||    96
         Passwall          |       |     2 |       ||     2
         Stone Arrow       |       |       |    60 ||    60
  Evoke: Wand              |       |       |     2 ||     2
    Use: Potion            |     1 |       |       ||     1
   Stab: Sleeping          |       |     7 |     1 ||     8
 Armour: Robe              |     5 |    63 |    25 ||    93
  Dodge: Dodged            |     7 |    81 |    34 ||   122
         Repelled          |       |     1 |       ||     1

Levels and vault maps discovered:
D:1:      dpeg_arrival_water_temple_mockup, layout_basic, serial_bayou,
          serial_bayou_ford_a, serial_bayou_crossing, serial_bayou_pond_d,
          serial_bayou_shore_b, ebering_ecumenical_altar_box
D:2:      layout_rooms, basic_altar, minmay_diced_spiral
D:3:      layout_loops_ring, ebering_ghost_sewer_f, serial_glass,
          glass_columns_c, glass_columns_a, due_unseen_surprise,
          kennysheep_generic_room_7
D:4:      layout_gridville, mainiacjoe_overflow_catwalk_spiral
D:5:      layout_basic, minmay_temple_entry_junction, grunt_decor_cap,
          dreamdust_gnoll_farm, uniq_ijyb
D:6:      layout_gridville
Temple:   nicolae_temple_bog_church

Notes
Turn   | Place    | Note
-------+----------+-------------------------------------------
     0 | D:1      | Jeffwins the Human Wanderer began the quest for the Orb.
     0 | D:1      | Jeffwins set off with the following items: a +0 club, a
                  | scroll of vulnerability {!r}, a +0 scale mail; and the
                  | following spells available to memorise: Sandblast, Slow,
                  | Stone Arrow, Inner Flame, Portal Projectile.
     0 | D:1      | Reached XP level 1. HP: 13/13 MP: 4/4
    16 | D:1      | Learned a level 1 spell: Sandblast
   279 | D:1      | Reached XP level 2. HP: 19/19 MP: 3/6
   456 | D:1      | Found a faded altar of an unknown god.
   985 | D:2      | Found a broken altar of Ashenzari.
  1044 | D:2      | Noticed a black bear
  1055 | D:2      | Killed a black bear
  1056 | D:2      | Reached skill level 1 in Stealth
  1056 | D:2      | Reached skill level 4 in Earth Magic
  1056 | D:2      | Reached XP level 3. HP: 5/24 MP: 4/8
  1056 | D:2      | Reached XP level 4. HP: 6/30 MP: 4/9
  1056 | D:2      | Reached XP level 5. HP: 8/35 MP: 4/10
  1059 | D:2      | HP: 3/35 [frilled lizard (1)]
  1450 | D:2      | Reached skill level 4 in Spellcasting
  1519 | D:2      | Reached skill level 2 in Stealth
  1679 | D:3      | Learned a level 3 spell: Stone Arrow
  1749 | D:3      | Found a runed translucent door.
  1765 | D:3      | Noticed subawu's ghost (amateur KoBr)
  1782 | D:3      | Killed subawu's ghost
  1783 | D:3      | Reached skill level 1 in Conjurations
  1783 | D:3      | Reached XP level 6. HP: 28/41 MP: 3/12
  1920 | D:3      | Found a runed translucent door.
  2103 | D:3      | Learned a level 2 spell: Ensorcelled Hibernation
  2615 | D:3      | Learned a level 2 spell: Passwall
  2710 | D:4      | Found a hide-covered altar of Uskayaw.
  2744 | D:4      | Found a broken altar of Ashenzari.
  3065 | D:4      | Reached skill level 1 in Short Blades
  3065 | D:4      | Reached skill level 2 in Conjurations
  3065 | D:4      | Reached skill level 1 in Ice Magic
  3065 | D:4      | Reached XP level 7. HP: 42/46 MP: 13/13
  3529 | D:5      | Entered Level 5 of the Dungeon
  3751 | D:5      | Reached skill level 5 in Earth Magic
  3863 | D:5      | Reached skill level 2 in Short Blades
  3938 | D:5      | Reached XP level 8. HP: 52/52 MP: 15/15
  3948 | D:5      | Reached skill level 3 in Hexes
  3948 | D:5      | Reached skill level 2 in Ice Magic
  4072 | D:5      | Learned a level 2 spell: Poisonous Vapours
  4087 | D:5      | Noticed Ijyb
  4102 | D:5      | Reached skill level 3 in Stealth
  4174 | D:5      | Killed Ijyb
  4583 | D:5      | Found a staircase to the Ecumenical Temple.
  4634 | Temple   | Entered the Ecumenical Temple
  4658 | Temple   | Became a worshipper of Vehumet
  4692 | D:5      | Reached skill level 3 in Conjurations
  4692 | D:5      | Reached skill level 1 in Poison Magic
  4692 | D:5      | Reached skill level 2 in Evocations
  4693 | D:5      | Reached skill level 5 in Spellcasting
  4693 | D:5      | Reached skill level 1 in Air Magic
  5445 | D:6      | HP: 2/52 [gnoll/+0 halberd[a gnoll sergeant] (5)]
  5448 | D:6      | Slain by a gnoll sergeant

Vanquished Creatures
  2 black bears
  An ogre (D:5)
  A phantom (D:5)
  The ghost of subawu the Sneak, an amateur KoBr (D:3)
  2 scorpions
  3 wights (D:5)
  4 hounds (D:5)
  Ijyb (D:5)
  3 iguanas
  3 orc wizards
  5 gnolls (D:5)
  6 adders
  2 river rats (D:3)
  4 worms
  2 dart slugs
  10 orcs
  9 endoplasms
  2 giant cockroaches (D:4)
  7 goblins
  3 hobgoblins
  9 jackals
  5 kobolds
  5 quokkas
  4 ball pythons
  6 frilled lizards
  6 rats
106 creatures vanquished.

Vanquished Creatures (others)
  An orc wizard (D:4)
1 creature vanquished.

Grand Total: 107 creatures vanquished

Table legend: (Time is in decaauts)
 A = Elapsed time spent in this place.
 B = Non-inter-level travel time spent in this place.
 C = Inter-level travel time spent in this place.
 D = Time resting spent in this place.
 E = Time spent auto-exploring this place.
 F = Levels seen in this place.
 G = Mean time per level.
                   A        B        C        D        E       F      G
               +--------+--------+--------+--------+--------+-----+--------+
         Total |   5508 |   5334 |    174 |    750 |   3679 |   7 |  786.9 |
       Dungeon |   5472 |   5306 |    166 |    750 |   3664 |   6 |  912.0 |
        Temple |     36 |     28 |      8 |      0 |     15 |   1 |   36.0 |
               +--------+--------+--------+--------+--------+-----+--------+

Top non-repeatable levels by time:
     D:5: 1861 daAuts
     D:3: 1037 daAuts
     D:1: 945 daAuts
     D:4: 874 daAuts
     D:2: 725 daAuts
  Temple: 36 daAuts
     D:6: 27 daAuts

Table legend:
 A = Non-vault XP
 B = Vault XP
 C = Vault XP percentage of total XP
 D = Non-vault monster count
 E = Vault monster count
 F = Vault count percentage of total count
                 A         B        C        D         E       F
            +---------+---------+-------+---------+---------+-------
      Total |    1284 |     438 |  25.4 |      87 |      19 |  17.9
            +---------+---------+-------+---------+---------+-------
        D:1 |      14 |       0 |   0.0 |       7 |       0 |   0.0
        D:2 |      17 |     133 |  88.7 |      13 |       4 |  23.5
        D:3 |     114 |     144 |  55.8 |      18 |       9 |  33.3
        D:4 |     208 |       0 |   0.0 |      26 |       0 |   0.0
        D:5 |     931 |     161 |  14.7 |      23 |       6 |  20.7
            +---------+---------+-------+---------+---------+-------
